[Event "44th Chess Olympiad Open 2022"]
[Site "Chennai"]
[Date "2022.07.30"]
[Round "2.14"]
[White "Egilstoft, Rogvi"]
[Black "Sindarov, Javokhir"]
[Result "0-1"]
[WhiteElo "2284"]
[BlackElo "2629"]
[Annotator "TA"]
[PlyCount "118"]
[EventDate "2022.??.??"]
[TimeControl "60"]

1. e4 e5 2. Bc4 Nf6 3. d4 exd4 4. Nf3 Nc6 5. e5 d5 6. Bb5 Ne4 7. Nxd4 Bd7 8. Bxc6 bxc6 9. O-O Bc5 10. Be3 Bb6 11. f3 Ng5 12.
f4 {[%emt 0:06:41] C56: Two Knights: 4 d4 exd4 5 0-0 Nxe4.} c5 13. fxg5 {[%emt 0:03:36] Nf5 is the strong threat.} cxd4 14.
Bxd4 {[%emt 0:00:56] The position is equal.} Be6 {[%emt 0:04:32] [#]} 15. Bxb6
$146 ({Predecessor:} 15. Qd2 h6 16. g6 fxg6 17. Bxb6 axb6 18.
Na3 Qd7 19. Rad1 Rf8 20. Rxf8+ Kxf8 21. c4 {½-½ (49) Atabayev,Y (2470)
-Kovalev,V (2598) Budapest 2017}) 15... axb6 16. Nc3 O-O 17. Qd2 d4 18.
Ne2 c5 19. a3 Qd5 20. Qf4 Rad8 21. h4 Rfe8 22. Ng3 Bc8 23. Rae1 c4 (23... Qe6 $14) 24. Ne4 $16 d3 25. cxd3 cxd3 26. Nd6 Re7 (26... d2 $2 27. Rd1 $18) 27. Qc4 ({White should play} 27. Rd1 $16) 27... Qxc4 $1 $11 {[%emt 0:
00:00] Dancing on a razor blade.} 28. Nxc4 Be6 29. Nd2 Rc7 30. Rf2 Bg4 31. e6 (31. Rf4 $11 Be2 32. Kf2) 31... fxe6
$17 {[%emt 0:00:31] White must now prevent ...Be2. Black converts the
advantage convincingly.} 32. Nf3 Bxf3 33.
gxf3 {[%emt 0:00:01] Endgame KRR-KRR} d2 34. Rd1 Rc1 35. Rff1 Rc2 {[%emt 0:00:00] Black
is much more active. The white rooks are badly placed.} 36. b4 Kf7 37. Kf2 Ra2 38. Ke2 Kg6 39. f4 Kf5 40. Rf3 Rd4 41. h5 {[%emt 0:00:00] [#]}
(41. Rd3 $17 {keeps fighting.} Rxd3 42. Kxd3) 41... Re4+ $1 $19 (41... Rxf4 42. Rxf4+ Kxf4 43. Rxd2 Rxa3 44. Rd7 $15) 42. Re3 Rxe3+ (42... Rxf4 43. Rxd2 Rf2+ 44. Kxf2 $17) ({Inferior is
} 42... Kxf4 43. Rf1+ Ke5 44. Rxe4+ Kxe4 45. Rf7 $15) 43. Kxe3 Rxa3+ 44. Kxd2 Kxf4 {[%emt 0:00:00] KR-KR}
45. Kc2 (45. g6 $142 hxg6 46. hxg6) 45... Kxg5 46. Rd7 Kh6 ({Worse is} 46... Kxh5 47. Rxg7
h6 48. Rb7 $11) 47. Rb7 Ra8 ({And not} 47...
Kxh5 48. Rxg7 h6 49. Rb7 $15) 48. Rxb6 $2 (48. b5) 48... Kxh5 49. Rxe6 Rb8 50. Re7 Kg6 51. Kc3 (51. Re4 $142 h5
52. Kd3) 51... h5 {[%emt 0:00:15] Hoping for ...h4.} 52. Re1 h4 53. Rb1 Kh5 54. b5 h3 {[%emt 0:00:47] Black mates.} 55. Kd3 Kh4 56. b6 h2 57. b7 {[%emt 0:00:
20] [#]} Rxb7 $3 58. Rxb7 h1=Q 59. Rxg7 Qd5+ {[%emt 0:00:04] Weighted Error Value:
White=0.67/Black=0.05 (flawless)} 0-1

[Event "44th Chess Olympiad Open 2022"]
[Site "Chennai"]
[Date "2022.07.30"]
[Round "2.15"]
[White "Moussard, Jules"]
[Black "Stanojoski, Zvonko"]
[Result "1-0"]
[WhiteElo "2672"]
[BlackElo "2412"]
[Annotator "TA"]
[PlyCount "77"]
[EventDate "2022.??.??"]
[TimeControl "60"]

1. e4 c5 2. Nf3 d6 3. d4 cxd4 4. Nxd4 Nf6 5. Nc3 g6 6. Be3 Bg7 7. f3 Nc6 8. Qd2 O-O 9. O-O-O Nxd4 10. Bxd4 Be6 11. Kb1 Qc7 12. g4 Rfc8 13. h4 Qa5 14. a3 Rab8 {[%emt 0:08:00] B76: Sicilian
Dragon: Yugoslav Attack, 9 g4 and 9 0-0-0.} 15. Rh2 $5 {[%emt 0:23:55][%cal
Yh4h5] An interesting side line.} b5 {[%emt 0:07:05] [#]} 16. Bxf6 $146 (16. Nd5 $11 Qxd2 17. Rhxd2 Bxd5 18. exd5) ({Predecessor:} 16.
Nd5 Qxd2 17. Rhxd2 Bxd5 18. exd5 a5 19. Re2 Rc7 20. Ree1 Rcb7 21. Bf2 Kf8 22.
h5 {½-½ (31) Silin,V (2184)-Krzyzanowski,A (2270) ICCF email 2009}) 16...
Bxf6 $15 {[%emt 0:01:46] Black is slightly better.} 17. Nd5 Qxd2 18. Nxf6+ Kg7 {[%emt 0:00:20][%cal
Rd2d1] [#]} 19. Ne8+ Rxe8 20.
Rdxd2 b4 21. axb4 Rxb4 22. c3 Rb3 23. Rd4 Reb8 {[%emt 0:00:24] And now ...Rxc3 would win.} 24. Kc1 h6 25. Ra4 R8b7 26. Ra5 Rc7 27. Rd2 Rb6 28. Be2 Rbc6 29. Rd4 {[%emt 0:00:17]
White is more active.} Rc5 {[%emt 0:00:19] [#]} 30. Rda4 g5 (30... Bd7 $14) 31. hxg5 $18 ({Of course not} 
31. Rxa7 $6 gxh4 32. Rxc7 Rxc7 $11) 31... hxg5 (31... Rxa5
$142 32. gxh6+ (32. Rxa5 hxg5 33. Rxg5+ Kf8 $16) 32... Kxh6 33. Rxa5 f6) 32.
Rxa7 Rc8 33. Ra8 Kf6 34. Kd2 Ke5 (34... R8c7 {
was worth a try.} 35. Ra3 Rc8 36. Rxc8 Rxc8) 35. Rxc8 Rxc8 36. Ke3 Rc5 37. Ra7 Kf6 (37... Rc8 {keeps fighting.} 38. Rxe7 Rb8) 38. Kd4 Bb3 (38... Rc8 $142 39. b4 Rh8) 39. c4 {
[%emt 0:02:16] Weighted Error Value: White=0.08 (flawless) /Black=0.39} 1-0

[Event "44th Chess Olympiad Open 2022"]
[Site "Chennai"]
[Date "2022.07.30"]
[Round "2.15"]
[White "Cornette, Matthieu"]
[Black "Lazov, Toni"]
[Result "1-0"]
[WhiteElo "2551"]
[BlackElo "2374"]
[Annotator "TA"]
[PlyCount "75"]
[EventDate "2022.??.??"]
[TimeControl "60"]

1. d4 Nf6 2. c4 g6 3. Nc3 Bg7 4. e4 d6 5. Be2 O-O 6. h4 c5 7. d5 h5 {[%emt 0:05:55] E73: King's
Indian: Averbakh Variation without 6...c5.} 8. Nf3 e6 9. Ng5 exd5 {[%emt 0:03:35] The position is
equal.} 10. exd5 Re8 11. O-O Nbd7 12. Bf4 Ne5 13. f3 a6 {[%emt 0:13:03] [#]} 14. a4 $146 ({
Predecessor:} 14. Re1 Nfd7 15. Bf1 Nb6 16. Qb3 Bf5 17. Rad1 Rb8 18. Nce4 Nc8
19. Kh2 b5 20. a4 {0-1 (45) Ruckschloss,K (2273)-Mrva,M (2490) Piestany 2005})
14... Bf5 15. Kh2 Qb6 (15...
Nh7 $5 ) 16. b3 Re7 17. a5 Qc7 18. Qd2 Rae8 19. Kh1 Nfd7 20. Nge4 Bxe4 21. Nxe4 f5 22. Ng5 Nf8 23. Rab1 Nf7 24. Bd3 Be5 25. g4 Bxf4 26. Qxf4 {[%emt 0:00:03] And now
gxh5 would win.} Re3 (26... Nxg5 $11 27. Qxg5 hxg4) 27. Ne6
$14 R3xe6 28. dxe6 Ne5 {
[%emt 0:00:04] Black cannot hold the game after this.} (28... Nxe6 $14 29. Qh2
Ne5 30. gxf5 (30. Bxf5 gxf5 31. gxf5 Nd4 $17) 30... Nxd3 31. fxe6 Rxe6) 29.
Bxf5 $1 $18 gxf5 $2 (29... Nxe6 30. Bxe6+
Rxe6 31. gxh5 Qh7) 30. gxf5 Kh8 31. Rg1 Nh7 32. f6 {[%emt 0:04:07] Inhibits Qe7.
aiming for Rg7.} Rxe6 33. Rg7 {[%emt 0:00:03] White threatens
Qh6 and mate.} Qc6 (33... Nf7 {[#]} 34. Rxh7+ $1 Kxh7 35. Qf5+
Kg8 36. Qg6+ Kf8 37. Qg7+ Ke8 38. Qg8+ Kd7 39. Qxf7+ Kd8 40. Qxe6) (33... Rxf6
$18 34. Rxh7+ (34. Rxc7 Rxf4 35. Kg2 Nf8 $17) 34... Kxh7 35. Qxf6 Qf7 36. Qxf7+
Nxf7) 34. Rbg1 {[%emt 0:01:55][%csl Gg1][%cal Rg7g8] White mates.} Ng4 {
[%emt 0:00:27] [#]} 35. Rxh7+ $1 {[%emt 0:01:37] Decoy} Kxh7 36. Qf5+ Kh6 37. Qg5+ Kh7 38. Qg7# {[%emt 0:00:02] Weighted Error Value: White=0.07 
(flawless) /Black=0.36} 1-0

[Event "44th Chess Olympiad Open 2022"]
[Site "Chennai"]
[Date "2022.07.30"]
[Round "2.15"]
[White "Risteski, Emil"]
[Black "Fressinet, Laurent"]
[Result "0-1"]
[WhiteElo "2405"]
[BlackElo "2631"]
[Annotator "TA"]
[PlyCount "102"]
[EventDate "2022.??.??"]
[TimeControl "60"]

1. e4 e5 2. Nf3 Nc6 3. Bc4 Nf6 4. d3 Bc5 5. O-O d6 6. c3 a5 {[%emt 0:00:34] C54: Giuoco Piano: 4 c3 Nf6, main
lines with 5 d4 and 5 d3.} 7. Re1 O-O 8. h3 Be6 {[%emt 0:00:38] The position is equal.} 9. Bxe6 fxe6 10. Be3 Bxe3 11. Rxe3 d5 12. Nbd2 d4 13. cxd4 exd4 {[%emt 0:00:04] [#]} 14. Re2
$146 ({Predecessor:} 14. Re1 a4 15. Rc1 Nb4 16. Nc4 Nxa2 17.
Ra1 Nb4 18. Rxa4 Rxa4 19. Qxa4 Nxd3 20. Rd1 {1-0 (66) Aronian,L (2781)-Van
Foreest,J (2701) chess24.com INT 2021}) 14... a4 15. a3 Nd7 16. Rc1 Qe7 17. Re1 Nc5 18. Qe2 ({
White should try} 18. Qc2 $11 b6 19. Red1) 18... Rf7 (18... e5
$15) 19. Rf1 (19. e5 $11) 19... Raf8 (19...
e5 $15) 20. g3 (20. e5 $11 {keeps the balance.}) 20... b6 $17 21. Ne1 g5 22. Ndf3 Qf6 23. Rc2 Kh8 24. Kg2 Qg7 25. h4 (25.
Qd1 $15) 25... gxh4 $19 26. Nxh4 Ne5 {
[%emt 0:01:04] Prevents Nhf3.} 27. Kh3 Rg8 {[%emt 0:02:36]
And now ...Ng4 would win.} 28. Rg1 $2 (28. Kg2) 28... Rf4 {
[%emt 0:04:41][%cal Yf4h4] Strongly threatening ...Rxh4+!} 29. Rg2 {[%emt 0:00:
00] [#]} Rg4 (29... Ncxd3 $1 30. f3 Qh6 $1 31.
Nxd3 Rxg3+ $3 32. Rxg3 Rxh4+ 33. Kg2 Rh1 $1) 30. Rd2 {[%emt 0:00:47] [#]} Qh6
$2 (30... Nexd3 $1 $19 {[%cal Yg4h4] ( -> ...Rxh4+!)} 31. Rxd3
Rxe4) 31. f4 $15 {[%emt 0:00:29] [#]} Rxh4+ $1 32. gxh4 Ng6 {[%emt 0:00:52] Black is much more active.} ({Resist} 32...
Qxf4 33. Qf2 Qxf2 34. Rdxf2 $14 (34. Rgxf2 Nb3 $11)) 33. Rxg6 Qxg6 $40 {[%emt 0:01:03][%csl Gg8][%cal Rg6g3] Black attacks.} 34. Qf2 {
[%emt 0:01:30] Against Qg3+} ({White should play} 34. Qf3 $15) 34... Nb3 $19 35. Re2 Qg4+ 36. Kh2 c5 37. f5 e5 38. Nf3 $2 (38. f6) 38... Qf4+ 39. Kh3 Qg4+ 40. Kh2 Qf4+ 41. Kh3 $1 h6 42. Rc2 c4 43. Nxe5 Qxe5 44. Rxc4 Qg7 45. Rc6 {[%emt 0:11:57] [#]} Qg4+ 46. Kh2 Kh7 47. Rd6 Rg7 {[%emt 0:04:21][%cal Yb3d2] ...Nd2! is the strong threat.} 48. f6 {
[%emt 0:00:28] [#]} Nd2 $1 49. fxg7 $2 (49. Qf5+ Qxf5 50. exf5 Nf1+ 51. Kh1 Ng3+ 52. Kh2 Nf1+ 53. Kh1 Ng3+ 54.
Kh2 Nf1+) 49... Nf3+ {[%emt 0:00:10] Black is clearly winning.} 50. Qxf3 Qxf3 51. Rg6 Kg8 {[%emt 0:00:
36] Weighted Error Value: White=0.56/Black=0.53} 0-1

[Event "44th Chess Olympiad Open 2022"]
[Site "Chennai"]
[Date "2022.07.30"]
[Round "2.15"]
[White "Nikolovski, Nikola"]
[Black "Maurizzi, Marc`Andria"]
[Result "0-1"]
[WhiteElo "2366"]
[BlackElo "2506"]
[Annotator "ChessBase"]
[PlyCount "70"]
[EventDate "2022.??.??"]
[TimeControl "60"]

1. e4 e5 2. Nf3 Nc6 3. Bc4 Nf6 4. d3 h6 5. O-O d6 6. a4 g5 7. a5 a6 8. Be3 Bg7 9. Nc3 O-O 10. d4 exd4 11. Nxd4 Ng4 12. Nxc6 bxc6 13. Bd2 d5 14. Be2 Nf6 15. Bd3 Bg4 16. Qc1 Re8 17. Re1 Qd6 18. h3 Bd7 19. Re2 d4 20. Nd1 Nh5 21. b3 g4 22. hxg4 Bxg4 23.
f3 Bd7 24. g4 Be5 25. gxh5 Kh8 26. Rg2 Rg8 27. Rxg8+ Rxg8+ 28. Kf1 Qf6 29. Ke2 Rg3 30. f4 Bg4+ 31. Ke1 Qh4 32. Nf2 Rg2 33. Be3 dxe3 34. Qxe3 Bc3+ 35. Kf1 Qh2 0-1

[Event "44th Chess Olympiad Open 2022"]
[Site "Chennai"]
[Date "2022.07.30"]
[Round "2.16"]
[White "Sethuraman, S.P..."]
[Black "Ibarra Chami, Luis Fernando"]
[Result "1/2-1/2"]
[WhiteElo "2623"]
[BlackElo "2452"]
[Annotator "TA"]
[PlyCount "158"]
[EventDate "2022.??.??"]
[TimeControl "60"]

1. e4 c5 2. Nf3 Nc6 3. Bb5 g6 4. O-O Bg7 5. c3 e5 6. d4 cxd4 7. cxd4 exd4 8. Bf4 a6 9. Bc4 {[%emt 0:02:37] Black should prevent Qb3.}
d6 {[%emt 0:02:30] B31: Sicilian: 2...Nc6 3 Bb5 g6.} 10. Qb3 Na5 $1 11. Bxf7+ Ke7 $1 12.
Qd5 Nf6 13. Bg5 Rf8 14. e5 {[%emt 0:00:15] Chess con chili.} (14. Nxd4 $2 Rxf7 15.
b4 (15. e5 $2 dxe5 16. Qxe5+ Kf8 $19) 15... Nc6 16. Qxc6 bxc6 $19) 14... dxe5 15. Qxd8+ $1 (15. Nxe5 Qxd5 16. Bxd5 Kd6 17.
Nc4+ Nxc4 18. Bxc4 Ne4 $17) 15... Rxd8 16. Nxe5 {[%emt 0:00:
00] [#]} Nc6 $146 ({Predecessor:} 16... Bf5 17. Re1 Kf8 18.
Nd2 Rac8 19. Ndf3 Rc7 20. Bd2 Nc6 21. Nxc6 bxc6 22. Ba5 Rxf7 23. Bxd8 {1-0 (39)
Tsydypov,Z (2565)-Khubukshanov,E (2280) Kazan 2021}) 17. Nxc6+ bxc6 18. Bc4 Bf5 19. Nd2 h6 20. Bh4 Kf8 21. Rac1 a5 22. Rfe1 Re8 23. h3 Ne4 24. Nxe4 Bxe4 25. Red1 Bd5 26. Bd3 (26. Kf1 $14) 26... Kf7 27.
Bg3 Bf8 28. Bc4 Bxc4 29. Rxc4 c5 30. Ra4 Ke6 31. Bf4 Kd5 32.
Bd2 g5 33. Kf1 Bd6 34. b3 Ra7 35. Re1 Rc8 36. Ke2 Rf8 {[%emt 0:00:09] And now ...
Re7+ would win.} 37. Rf1 Bg3 38. Kd3 Bf4 ({Resist} 38... Bxf2 39. Rxa5 Rxa5 40.
Bxa5 $16) ({Much less strong is} 38... Rxf2 39. Rxf2 Bxf2 40. Rxa5 $16) 39. Be1 ({Of course not} 39. Rxa5 Rxa5 40. Bxa5 Ra8 $19) (39. Bxf4 $1
$11 gxf4 40. Re1) 39... h5 $15 40. Kc2 Re8 41. g3 Bc7 $36 {[%emt 0:30:50] Black is on
the roll.} 42. Bd2 Rf8 43. g4 {[%emt 0:00:00]
[#]} Bd8 $1 44. gxh5 Rf3 45.
h6 Rxh3 46. Rg1 Rxh6 47. Bxg5 Rg6 48. f4 Rf7 {[%emt 0:00:03] [#] White must now prevent ...Rxf4.} 49. Rc1 Bxg5 ({Black should try} 49... Bb6 $15) 50.
fxg5 {[%emt 0:00:00] Endgame KRR-KRR. The position is equal.} Ra7 51. Rg1 Ke4 52. Rc4 Kd5 53. Ra4 Ke4 54. Kb2 Kd5 55. Rg2 Kc6 56. Rc4 Rd7 57. Rc1 Rd5 58. Rcg1 a4 59. Kc2 Rf5 60. Rg3 Rf2+ 61. Kb1 $1 a3 62. R3g2 Rf5 63. Kc2 Kd5 64. Kd3 Rf3+ 65. Ke2 Rh3 66. Kd2 Re3 67. Rf1 Re5 68. Rfg1 Rf5 69. Kd3 Rf3+ 70. Ke2 Rc3 71. Kd2 c4 72. bxc4+ Kxc4 {[%emt 0:00:11] ...Rb6 is the strong threat.} 73. Rc1 Rxc1 74. Kxc1 $11 {[%emt 0:00:00] KR-KR} Kc3 75. Rc2+ Kd3 76. Rg2 Ke3 77. Kd1 Kf3 78. Rg1 Kf4 79. Kd2 Rxg5 {[%emt 0:00:13]
Weighted Error Value: White=0.10 (very precise) /Black=0.07 (flawless)} 1/2-1/2

[Event "44th Chess Olympiad Open 2022"]
[Site "Chennai"]
[Date "2022.07.30"]
[Round "2.16"]
[White "Karthikeyan, Murali"]
[Black "Capo Vidal, Uriel"]
[Result "1-0"]
[WhiteElo "2613"]
[BlackElo "2215"]
[Annotator "TA"]
[PlyCount "69"]
[EventDate "2022.??.??"]
[TimeControl "60"]

1. e4 c5 2. Nf3 Nc6 3. d4 cxd4 4. Nxd4 Nf6 5. Nc3 e5 6.
Ndb5 d6 7. Bg5 a6 8. Na3 b5 9. Nd5 Be7 10. Bxf6 Bxf6 11. c3 O-O 12. Nc2 Rb8 {[%emt 0:00:
00] is currently scoring better than 12...Bg5.} 13. h4 Be6 14. Nce3 {[%emt 0:07:59] B33: Sicilian: Pelikan and Sveshnikov
Variations.} b4 (14... Be7 $11 {remains equal.}) 15. Bxa6 $16
{[%emt 0:07:42] White is more active.} (15. Nxf6+ Qxf6 16. Bxa6 (16. Qxd6 bxc3
17. bxc3 Rb2 $11) 16... bxc3 17. bxc3 Rfd8 $11) 15... bxc3 16.
bxc3 {[%emt 0:00:11] White is slightly better.} Qa5 17. Bc4 {
[%emt 0:04:59][%cal Ya6c4,Yc4b3,Yb3e6] [#]} Ne7 $146 (17...
Bd8 $14) ({Predecessor:} 17... Kh8 18. Bb3 Bd8 19. Nc4 Qc5 20. Qf3 f5 21. Nce3
Bb6 22. exf5 e4 23. Qe2 Bxd5 24. Nxd5 {0-1 (42) Liu,S (1637)-Schnepel,T (1789)
Neustadt an der Weinstrasse 2019}) 18. Nxf6+ $18 gxf6 {
[%emt 0:00:29] [#]} 19. O-O $1 Qc5 20. Bb3 ({Don't take} 20. Bxe6 fxe6 21. Qg4+ Kf7) 20... f5 21. Qh5 f4 $2 {[%emt 0:09:59] [#]} (21... Kh8 22. exf5 e4
) 22. Qg5+ $1 Kh8 23. Qf6+ Kg8 {[%emt 0:00:03] [#]} 24. h5 $1 {[%emt 0:16:10][%cal Yh5h6] Threatening
mate with h6!} h6 25. Bxe6 ({Weaker is} 25.
Qxe7 Bxb3 26. Nf5 (26. axb3 fxe3 27. Qf6 Qxc3 $18) 26... Be6 $16) 25... fxe3 26. Bb3 Rb7 27. Qxh6 d5 28. fxe3 {[%emt 0:04:29] Hoping for Rf6.}
Rb6 29. Rf6 Rxf6 30. Qxf6 {
[%emt 0:00:05] aiming for Re1.} Kh7 31. exd5 {[%emt 0:02:32]
White wants to mate with Bc2+.} Qxe3+ 32. Kh1 Rg8 33. Bc2+ e4 34. Qxe7 Rg4 35. Rf1 {[%emt 0:01:11] White took
control after the opening. Weighted Error Value: White=0.01 (flawless) /
Black=0.75} 1-0

[Event "44th Chess Olympiad Open 2022"]
[Site "Chennai"]
[Date "2022.07.30"]
[Round "2.16"]
[White "Hernandez Guerrero, Gilberto"]
[Black "Ganguly, Surya Shekhar"]
[Result "1/2-1/2"]
[WhiteElo "2560"]
[BlackElo "2608"]
[Annotator "TA"]
[PlyCount "121"]
[EventDate "2022.??.??"]
[TimeControl "60"]

1. e4 e6 2. d4 d5 3. Nc3 Nf6 4. Bg5 dxe4 5. Nxe4 Be7 6. Bxf6 gxf6 7. Bc4 f5 {[%emt 0:07:
10] C13: French: Classical System: 4 Bg5 Be7, Alekhine-Chatard Attack.} 8. Ng3 Qd6 9. c3 {[%emt 0:07:08] [#] Against Qb4}
Nd7 $146 ({Predecessor:} 9... a6 10. a4 c5 11. d5
e5 12. Qe2 h5 13. h4 e4 14. Nxh5 Kd8 15. g3 Nd7 {0-1 (46) Bartel, M (2627)
-Tomczak,J (2554) Poznan 2015}) 10. Nf3 h5 11. Qe2 Qf4 12. Nf1 a6 13. g3 Qh6 14. N1d2 b5 15. Bd3 Bb7 16.
O-O-O c5 17. Rhe1 O-O 18. Kb1 Rfe8 19. dxc5 Nxc5 20. Bc2 a5 21. Ne5 b4 22. cxb4 axb4 23. Nb3 Bd5 24. f4 Ne4 25. Nd7 Rad8 26. Nb6 Bf6 27. Nxd5 exd5 28. Qb5 (28. Qf1 $5 ) 28... Bg7 {[%emt 0:01:14] And now .
..Qf6 would win.} 29. Bxe4 Qf6 30. Re2 dxe4 31. Rxd8 Rxd8 32. Qxb4 Qa6 33. Nc1 Rd1 {[%emt 0:03:17] ( -> ...Qxe2)} 34. Rd2 Qf1 35. Rxd1 Qxd1 $11 {
[%emt 0:00:02] Endgame KQB-KQN} 36. Qc5 Qd7 {[%emt 0:01:16]
Prevents Qc8+.} 37. a4 Bd4 (37... Qxa4 $14 38. Qc8+ Bf8) 38. Qb5 $1 $16 Qxb5 (38... Qe6 $16 {keeps fighting.} 39. a5 e3) 39. axb5 {[%emt 0:00:07] KB-KN
} Kf8 40. Ne2 Bf2 41. Kc2 Ke7 42. Kc3 Kd6 43. Kc4 (43. Nd4 Bxd4+ 44. Kxd4 Kc7 $11) 43... Be3 44. b3 (44. Nd4 Bxd4 45. Kxd4 Kc7 $11) 44...
Bf2 45. Nc3 $1 (45. Nd4 Bxd4 46. Kxd4 Kc7 $11
) 45... Bg1 46. Ne2 $2 (46. h3 $1 $18 {
Threatens to win with Nd5.} f6 47. b4) 46... Be3 $2 (46... Bf2
$1 $11) 47. Nc3 $2 (47. Nd4 Bxd4 48. Kxd4 Kc7 $11) (47. b4 $1)
47... Bg1 $18 48. h3 $1 Bf2 $2 (48... Ba7 49. Nd5 Bf2) 49. g4 $1 hxg4 50. hxg4 Ke6 51. gxf5+ $1 Kxf5 {[%emt 0:00:00] [#]} 52. Kd5 $1 Kxf4 53.
Nxe4 Ba7 54. Nd6 (54. Nf6
$142 {Intending Nd7 and mate.} Ke3 55. Kc4 (55. Nd7 Kd3 $11)) 54... f6 55. Ke6 $2 (55. Nc8 $18 Bb8 56. b6) 55... Ke3
$16 {[%emt 0:00:00] [#]} 56. Nc8 $1 ({Don't play} 56. Kxf6 $6
Kd4 $11) 56... Bb8 57. Ne7 ({Reject} 57. Kxf6
$6 Kd4 $11) ({White has to play} 57. b6 $16 {Hoping for Ne7.} Kd2 58. b7 (58.
Kxf6 Kc3 $11)) 57... Kd4 $11 {[%emt 0:00:00] The position is equal.} 58. b6 Kc5 59. Nd5 f5 60. b4+ Kc6 61. Kxf5 {[%emt 0:00:50]
Weighted Error Value: White=0.38/ Black=0.23 (precise)} 1/2-1/2

[Event "44th Chess Olympiad Open 2022"]
[Site "Chennai"]
[Date "2022.07.30"]
[Round "2.16"]
[White "Diaz Rosas, Julio Cesar"]
[Black "Gupta, Abhijeet"]
[Result "1/2-1/2"]
[WhiteElo "2328"]
[BlackElo "2627"]
[Annotator "ChessBase"]
[PlyCount "148"]
[EventDate "2022.??.??"]
[TimeControl "60"]

1. e4 c5 2. Nf3 d6 3. d4 cxd4 4. Nxd4 Nf6 5. Nc3 Nc6 6. Bg5 e6 7. Qd2 a6 8. O-O-O Bd7 9. Kb1 Be7 10. Nxc6 Bxc6 11. f3 b5 12. h4 h6 13. Be3 h5 14. Ne2 Qc7 15. Nd4 Bd7 16. Bg5 Rb8 17. g3 a5 18.
Bh3 b4 19. g4 hxg4 20. Bxg4 a4 21. Rhe1 a3 22. b3 Qc3 23. Qxc3 bxc3 24. Rg1 Nxg4 25. Rxg4 g6 26. Ne2 Rc8 27. Bc1 e5 28. Rg2 Rxh4 29. Bxa3 Bb5 30. Bb4 d5 31. Nxc3 Bxb4 32. Nxb5 d4 33. a3 Be7 34. c3 dxc3 35. Rc2 Rh3 36. Rd3 f5 37. Rd5 Rxf3 38. Rxe5 Kf8 39. exf5 g5 40. Re4 Bf6 41. Nd6 Rd8 42. Re6 Be7 43. Nc4 Rxf5 44. Rxc3 Bf6 45. Rce3 g4 46. Kc2 Kg7 47. Re2 Rf3 48. R6e3 Bd4 49. Rxf3 gxf3 50. Re4 f2 51. Rf4 Kg6 52. Rf3 Kg5 53. Nd2 Kg4 54. Rf7 Kg3 55. Ne4+ Kg2 56. Nxf2 Rc8+ 57. Kd3 Bxf2 58. Rf4 Kf1 59. Rc4 Rd8+ 60. Kc2 Ke2 61. b4 Ra8 62. Kb3 Kd3 63. Rc3+ Ke4 64. a4 Bd4 65. Rh3 Rg8 66. a5 Rg1 67. Kc4 Bf2 68. Rb3 Ra1 69. Rb2 Rc1+ 70. Kb3 Be3 71. Rc2 Rd1 72. Kc4 Rd8 73. b5 Rc8+ 74. Kb3 Ke5 1/2-1/2

[Event "44th Chess Olympiad Open 2022"]
[Site "Chennai"]
[Date "2022.07.30"]
[Round "2.17"]
[White "Saric, Ivan"]
[Black "Petkov, Momchil"]
[Result "1/2-1/2"]
[WhiteElo "2680"]
[BlackElo "2510"]
[Annotator "TA"]
[PlyCount "112"]
[EventDate "2022.??.??"]
[TimeControl "60"]

1. e4 c5 2. Nf3 d6 3. Bb5+ Nd7 4. a4 Ngf6 5. Nc3 g6 6. O-O {[%emt 0:00:
00] B51: Sicilian: Moscow Variation (3 Bb5+) without 3...Bd7.} Bg7 7. Re1 O-O 8. d4 {[%emt 0:00:44] White
has an edge.} cxd4 9. Nxd4 Nc5 10. Bf1 Bd7 {[%emt 0:08:00] [#]} 11. f3 $146 ({Predecessor:} 11. a5 Rc8 12. f3 a6 13. Be3 Re8 14. Qd2 Qc7 15. Ra3 Qb8
16. Qf2 e5 17. Nb3 {1-0 (48) Bharath,S (2479)-Papadiamandis,E (2369) Biel 2022}
) 11... Nh5 12. a5 Ne6 13.
Nxe6 fxe6 14. Be3 b5 15. Bxb5 {[%emt 0:07:58] White is more active.} Bxb5 16. Nxb5 Bxb2 17. Rb1 Be5 18. a6 Qc8 {[%emt 0:02:25] [#]} (18...
Qa5 $14) 19. c3 $1 $16 Nf4 20. g3 Nh5 21. f4 (
21. Bxa7 $6 Qxa6 22. Bd4 Rfc8 $14) (21. Kg2 $18) 21... Bg7 (
21... Nxf4 $16 22. gxf4 Bxf4) 22. Qb3 $18 Kh8 {[%emt 0:03:53]
[#]} 23. Rf1 $2 (23. e5 $1 $18 ) 23... Nf6 $11 24. Nd4 ({But not} 24. Bxa7 Nxe4 25. Be3 Rxa6
$17) ({Of course not} 24. Nxa7 Qxa6 25. Nb5 Ng4 $17) 24... Ng4 $1 25. Bd2 Qxa6 {[%emt 0:01:08] ...Bxd4+ is the strong
threat.} 26. Qb5 ({Not} 26. Qxe6 $2 Bxd4+ 27. cxd4 Qe2 28.
Qxg4 Qxg4 $19) 26... Bxd4+ 27. cxd4 Qxb5 28. Rxb5 Rfc8 29. f5 $1 gxf5 30. exf5 {[%emt 0:00:11] The position is
equal.} Rc2 31. Bg5 Nxh2 32.
Rf2 Rxf2 33. Kxf2 exf5 34. Bxe7 {[%emt 0:00:25] Endgame KRB-KRN} a5 35. Rxf5 Kg8 36. Bxd6 {[%emt 0:00:44]
Threatens to win with Kg2.} Ng4+ 37. Kf3 Nh6 38. Rg5+ Kf7 39. Ba3 a4 40. Kf4 Rg8 41. Rd5 Rg4+ 42. Kf3 Rg6 $1 43. Ra5 Rf6+ 44. Ke4 Re6+ 45. Kd5 Nf5 46. Rxa4 h5 47. Ra7+ Kf6 48. Ra8 {[%emt 0:01:14] And now Rf8+ would win.} Re3 49. Rf8+ Kg6 50. Bc1 Rd3 51. Rg8+ Kf7 52. Rg5 Kf6 53. Rxh5 Rxd4+ 54. Kc5 {[%emt 0:00:02][%cal Yh5f5] White threatens
Rxf5+! and mate.} Rg4 55. Bf4 Nxg3 56. Bxg3 Rxg3 {[%emt 0:00:00] Weighted Error Value:
White=0.11 (very precise) /Black=0.07 (flawless)} 1/2-1/2

[Event "44th Chess Olympiad Open 2022"]
[Site "Chennai"]
[Date "2022.07.30"]
[Round "2.17"]
[White "Kozul, Zdenko"]
[Black "Yordanov, Lachezar"]
[Result "0-1"]
[WhiteElo "2602"]
[BlackElo "2316"]
[Annotator "TA"]
[PlyCount "43"]
[EventDate "2022.??.??"]
[TimeControl "60"]

1. Nf3 Nf6 2. g3 d5 3. Bg2 e6 4. O-O Be7 5. d4 O-O 6. c4 c6 7. Nc3 a5 {[%emt 0:00:21] E06:
Closed Catalan: Early deviations.} 8. b3 b6 9. Qd3 Ba6 {[%emt 0:02:03] The position is equal.} 10. e4 b5 {[%emt 0:01:14][%cal Rb5c4] [#]} 11. Ne5 $146 ({Reject} 11. cxb5 cxb5 12. Qe3 b4 $17) (11. exd5 $15 bxc4 12. bxc4 exd5
13. Re1) ({Predecessor:} 11. exd5 bxc4 12. bxc4 cxd5 13. Ne5 dxc4 14. Qe3 Ra7
15. d5 Rc7 16. dxe6 fxe6 17. Rd1 {½-½ (33) Batchuluun,T (2536)-Jumabayev,R 
(2651) Chess.com INT 2021}) 11... bxc4 $1 $17 12. bxc4 Nfd7 $1 13. exd5 {[%emt 0:09:15][%cal Ye5f7] 
[#] And now Nxf7! would win.} exd5 (13... Nxe5 $142 $1 14.
dxe5 exd5) 14. Rd1 Nxe5 15. dxe5 Bxc4 16. Qf5 Qe8 (16... Nd7 $142 17. Bh3 Nc5) 17. Rd4 Ba6 18. Qh5 (18. Bf4 $17) 18... Nd7 $19 19. Bd2 f6 20. Qxe8 Rd8 21. Qxf8+ Rxf8 22. exf6 {[%emt 0:04:42]
Weighted Error Value: White=0.61/Black=0.12 (very precise) . Loss on time!?}
0-1